 Dungeon Crawl Stone Soup version 0.18-a0-1718-g40ea4b6 (webtiles) character file.

102 Ijustatesigmund the Skirmisher (level 4, -4/49 HPs)
             Began as an Ogre Hunter on Apr 8, 2016.
             Slain by a river rat (7 damage)
             ... in a sewer.
             The game lasted 00:06:25 (2436 turns).

Ijustatesigmund the Skirmisher (Ogre Hunter)        Turns: 2436, Time: 00:06:26

Health: -4/49      AC:  3    Str: 17    XL:     4   Next: 77%
Magic:  4/4        EV: 10    Int: 10    God:
Gold:   158        SH:  0    Dex: 11    Spells: 0 memorised, 3 levels left

rFire  . . .     SeeInvis .     e - +0 whip
rCold  . . .     Gourm    .     b - +0 robe
rNeg   . . .     Faith    .     (no shield)
rPois  .         Spirit   .     (helmet restricted)
rElec  .         Dismiss  .     (no cloak)
rCorr  .         Reflect  .     (gloves unavailable)
SustAt .         Harm     .     (boots unavailable)
MR     .....                    (no amulet)
Stlth  +.........               (no ring)
                                (no ring)

@: very slightly contaminated, invisible, not resistant to hostile enchantments,
very unstealthy
A: unfitting armour, tough skin 1
a: no special abilities


You were in a sewer.
You were hungry.

You visited 1 branch of the dungeon, and saw 3 of its levels.
You also visited: Sewer.

You collected 158 gold pieces.

Inventory:

Hand Weapons
 a - a +0 short sword
 e - a +0 whip (weapon)
Missiles
 c - 5 large rocks (quivered)
 d - 2 throwing nets
Armour
 b - a +0 robe (worn)
Jewellery
 j - an uncursed ring of fire
Scrolls
 p - 2 scrolls of identify
Potions
 i - a potion of mutation
 l - a potion of magic
 o - a potion of resistance {unknown}
 r - a potion of cancellation {unknown}
Books
 s - a book of Callings

   Spells                             Type                      Level
   a - Summon Small Mammal            Summoning                    1
   b - Call Imp                       Summoning                    2
   c - Call Canine Familiar           Summoning                    3
   d - Summon Guardian Golem          Hexes/Summoning              3
   e - Summon Lightning Spire         Summoning/Air                4
   f - Summon Ice Beast               Ice/Summoning                4
Comestibles
 f - 2 bread rations
 g - 2 beef jerkies
 m - 2 fruits
 n - a meat ration


   Skills:
 + Level 4.9 Fighting
 + Level 3.1 Maces & Flails
 - Level 4.2 Throwing
 - Level 1.7 Dodging
 - Level 0.7 Stealth


You had 3 spell levels left.
You didn't know any spells.

Dungeon Overview and Level Annotations

Branches:
Dungeon (3/15)

Altars:
Gozag


Innate Abilities, Weirdness & Mutations

You are too large for most types of armour.
You have tough skin (AC +1).


Message History

It was a potion of invisibility.
You fade into invisibility!
You are feeling hungry.
The river rat bites you but does no damage.
The rat barely misses you. x2; The ball python closely misses you.
You are very lightly contaminated with residual magic.
You hit the river rat but do no damage.
The river rat is heavily wounded.
The river rat closely misses you.
The rat splashes around in the water.
The rat barely misses you. The ball python barely misses you.
You hit the river rat but do no damage.
The river rat is heavily wounded.
The river rat bites you but does no damage.
The rat splashes around in the water.
The ball python barely misses you. The rat misses you.
You catch the helpless river rat completely off-guard!
You hit the river rat.
The river rat is heavily wounded.
The river rat bites you!
You die...

#≈≈≈≈≈≈#
#≈≈≈≈≈≈#
#≈≈≈≈≈≈#
#≈≈≈≈≈≈#
#≈≈†≈≈≈#
#≈≈≈≈≈≈#
#≈≈≈≈≈≈#
#.r†r.≈#
#..@r..#
#..S...##
#........#
.........##
........##
......###
...### ###


You could see a river rat, a ball python and 2 rats.

Vanquished Creatures
  2 river rats (Sewer)
  4 adders
  A dart slug (D:1)
  An orc (D:3)
  2 ball pythons
  7 goblins
  5 hobgoblins
  7 bats
  5 giant newts
  7 kobolds
  8 rats
  A plant (D:2)
50 creatures vanquished.

Notes
Turn   | Place    | Note
--------------------------------------------------------------
     0 | D:1      | Ijustatesigmund the Ogre Hunter began the quest for the Orb.
     0 | D:1      | Reached XP level 1. HP: 22/22 MP: 1/1
    55 | D:1      | Reached XP level 2. HP: 5/31 MP: 2/2
   783 | D:1      | Reached skill level 1 in Maces & Flails
  1088 | D:2      | Found an opulent altar of Gozag.
  1098 | D:2      | Reached XP level 3. HP: 34/39 MP: 3/3
  1665 | D:2      | Reached XP level 4. HP: 46/49 MP: 4/4
  2369 | D:3      | Found a glowing drain.
  2377 | Sewer    | Entered a sewer
  2431 | Sewer    | HP: 2/49 [river rat (1)]
  2436 | Sewer    | Slain by a river rat

Vault maps used:
D:1:      eino_arrival_druids_welcome, hex_tiny
D:2:      nicolae_gozag_seed_capital, serial_bayou, serial_bayou_ford_a,
          serial_bayou_lake_a, serial_bayou_lagoon_a, serial_bayou_shore_b,
          serial_bayou_pond_c, minmay_misc_feat_pillars
D:3:      lightli_sewer_entry_pipes
Sewer:    sewer_minmay_w

Skill      XL: |  1  2  3  4 |
---------------+-------------+-----
Fighting       | 3 4 |  4.9
Maces & Flails | 1 2 3 |  3.1
Throwing       | |  4.2
Dodging        | |  1.7
Stealth        | |  0.7

Action                   |  1- 3 |  4- 6 || total
-------------------------+-------+-------++-------
Melee: Short sword       |    24 |       ||    24
       Whip              |    97 |   103 ||   200
Throw: Throwing net      |     2 |       ||     2
       Large rock        |     1 |     2 ||     3
  Use: Scroll            |     3 |     2 ||     5
       Potion            |     2 |     2 ||     4
 Stab: Invisible         |       |     1 ||     1
       Sleeping          |       |     1 ||     1
  Eat: Chunk             |     2 |     3 ||     5
